 Dungeon Crawl Stone Soup version 0.32-a0-656-g3542139ebd (webtiles) character file.

Game seed: 9856635801134586604

1524 ytrimaz the Covert (level 8, -2/72 HPs)
             Began as an Octopode Shapeshifter on Mar 8, 2024.
             Slain by a black bear (7 damage)
             ... on level 6 of the Dungeon.
             The game lasted 00:06:28 (5228 turns).

ytrimaz the Covert (Octopode Shapeshifter)          Turns: 5228, Time: 00:06:28

Health: -2/72      AC:  1    Str: 13    XL:     8   Next: 84%
Magic:  8/8        EV: 13    Int: 15    God:
Gold:   312        SH:  4    Dex: 17    Spells: 7/7 levels left

rFire   . .          .
                       - Unarmed
rCold   . . .        g - +0 buckler
rNeg    . . .        (helmet currently unavailable)
rPois   .            (no amulet)
rElec   .            t - +6 ring of dexterity
rCorr   +            a - ring of see invisible
SInv    +            k - ring of resist corrosion
Will    .....        (no ring) Stlth
                     (no ring)
HPRegen 0.32/turn    (no ring)
MPRegen 0.11/turn    (no ring)
                     (no ring)

%: no passive effects
@: berserking, beast-form, very quick
A: beast (slay +3), almost no armour, amphibious, 8 rings, camouflage 1,
gelatinous body 1, (nimble swimmer 1), tentacles
a: Begin Untransformation


You were on level 6 of the Dungeon.
You were a hulking beast.
You visited 1 branch of the dungeon, and saw 6 of its levels.
You also visited: Sewer.

You collected 312 gold pieces.


Innate Abilities, Weirdness & Mutations

You are a hulking beast.
Your limbs bulge with bestial killing power. (Slay +3)
You cannot wear most types of armour.
You are amphibious.
You can wear up to eight rings at the same time.
Your skin changes colour to match your surroundings (Stealth+).
Your rubbery body absorbs attacks. (AC +1, EV +1)
((You are camouflaged when in or above water. (Stealth+)))
You have tentacles for arms and can constrict up to eight enemies at once.


   Skills:
 - Level 1.0 Fighting
 - Level 2.0 Dodging
 * Level 10.5 Stealth
 - Level 1.0 Shields
 + Level 6.1 Unarmed Combat
 + Level 5.7 Shapeshifting


You had 7 spell levels left.
You didn't know any spells.
Your spell library contained the following spells:

 Spells                   Type           Power      Damage    Failure   Level
 Hailstorm                Conj/Ice       0%         3d5       75%         3
 Summon Ice Beast         Ice/Summ       0%         N/A       75%         3
 Anguish                  Hex/Necr       0%         N/A       98%         4
 Animate Dead             Necr           0%         N/A       98%         4
 Cause Fear               Hex            0%         N/A       98%         4
 Borgnjor's Vile Clutch   Necr/Erth      0%         N/A       100%        5
 Summon Forest            Summ/Tloc      0%         N/A       100%        5
 Death Channel            Necr           0%         N/A       100%        6
 Eringya's Noxious Bog    Alch           0%         4d6       100%        6
 Sculpt Simulacrum        Ice/Alch       0%         N/A       100%        6
 Enfeeble                 Hex            0%         N/A       100%        7
 Summon Hydra             Summ           0%         N/A       100%        7

Inventory:

Armour
 g - a +0 buckler (worn)
   (You found it on level 1 of the Dungeon)
Magical Staves
 o - the staff of Destiny {rC++ rN+ Str-5 SInv Necro}
   (You took it off an orc on level 5 of the Dungeon)

   [staff of death]

   Base accuracy: +5 Base damage: 5 Base attack delay: 1.2 This weapon's minimum
   attack delay (0.6) is reached at skill level 12.
   Str-5:     It affects your strength (-5).
   rC++:      It greatly protects you from cold.
   rN+:       It protects you from negative energy.
   SInv:      It lets you see invisible.
   Necro:     It increases the power of your Necromancy spells.
   It falls into the 'Staves' category.
   It is a one-tentacled weapon.
Jewellery
 a - a ring of see invisible (right tentacle)
   (You found it on level 3 of the Dungeon)
 k - a ring of resist corrosion (on tentacle)
   (You found it on level 4 of the Dungeon)
 t - a +6 ring of dexterity (left tentacle)
   (You found it on level 3 of the Dungeon)
Talismans
 b - a beast talisman (active)
 c - a flux talisman
Wands
 j - a wand of charming (8)
   (You took it off a goblin on level 4 of the Dungeon)
 m - a wand of warping (7)
   (You found it on level 5 of the Dungeon)
Scrolls
 f - 2 scrolls of poison
 n - 2 scrolls of vulnerability
 p - a scroll of revelation {unknown}
Potions
 e - a potion of brilliance
 h - a potion of cancellation
 i - a potion of haste
 l - a potion of might
 q - a potion of resistance
 s - 2 potions of enlightenment

Dungeon Overview and Level Annotations

Branches:
Dungeon (6/15) Zot: 26958   Sewer (visited)
 Temple: D:4-7

Altars:
Cheibriados
Elyvilon
Makhleb
Okawaru
Zin

Shops:
D:5

[ ##.........
.....#..........J....
...........##....#..#
##...#...#.##....#..#
##...#..............
............#......#
##..##.#.#..#......#
#..............h..#
#..........#...h#
#..##.#.#..#....#
#..........#....#
#...#.#.##.#.?..#.#
#...................
##......##.##...###..
#.##.#.##.####.# #.
#.#.##.. .... #
......... .###


You could see a black bear and a jelly.


Message History

The helpless adder fails to defend itself.
You bludgeon the adder!
You kill the adder!
No target in view!
Unknown command.
Found a glowing silver altar of Zin.
You open the gate.
Found a white marble altar of Elyvilon.
There is an open gate here.
There is an open gate here.
Found a stone staircase leading down.
You open the large door.
There is a large open door here.
You open the door.
Found an escape hatch in the floor.
No target in view!
There is a large open door here.
Key pressed, stopping explore.
There is a stone staircase leading down here.
There is a large open door here.
There is an open gate here.
Key pressed, stopping explore.
Partly explored, can't reach some places.
Partly explored, can't reach some places.
As you read the scroll labelled POSTRI DEHAO, it crumbles to dust.
It is a scroll of enchant weapon.
You aren't carrying any weapons that can be enchanted.
As you read the scroll of identify, it crumbles to dust.
q - a potion of resistance
There is a stone staircase leading down here.
You climb downwards.
There is a stone staircase leading up here.
p - a scroll labelled NELIOB AHIGGAL A howler monkey comes into view.
A howler monkey is nearby!
A howler monkey is nearby!
The howler monkey howls!
The howler monkey hoots and howls with incredible vigour!
A sky beast comes into view.
You hear an angry growl.
You hear an angry hiss.
Something shouts, "Back with thee, thou fawning moldwarp dandiprat!"
The howler monkey barely misses you.
You bludgeon the howler monkey! Your grab misses the howler monkey.
You squeeze the howler monkey!
You kill the howler monkey!
Unknown command.
The sky beast flickers out of sight for a moment.
Unknown command.
You bludgeon the sky beast! You tentacle-slap the sky beast.
You squeeze the sky beast. The sky beast hits you. The sky beast shocks you.
A black bear comes into view. 😕 HP[-10]
You take 10 damage, and now have 38/48 hp.
MASSIVE DAMAGE!! (PAUSE)
You barely miss the sky beast. The sky beast misses you.
You barely miss the sky beast. The sky beast hits you.
The sky beast shocks you. 😮 HP[-10]
You take 10 damage, and now have 28/48 hp.
MASSIVE DAMAGE!! (PAUSE)
You bludgeon the sky beast! The sky beast hits you.
* * * LOW HITPOINT WARNING * * *
The sky beast shocks you.
* * * LOW HITPOINT WARNING * * *
You are too injured to fight recklessly! 😨 HP[-9]
You take 9 damage, and now have 19/48 hp.
You tentacle-slap the sky beast. Your squeeze misses the sky beast.
The sky beast completely misses you. 😨 HP[+1]
You barely miss the sky beast. Your squeeze misses the sky beast.
You block the sky beast's attack.
Unknown command.
You barely miss the sky beast. You squeeze the sky beast!
The sky beast hits you.
* * * LOW HITPOINT WARNING * * *
The sky beast shocks you.
* * * LOW HITPOINT WARNING * * *
😱 HP[-10]
You take 10 damage, and now have 10/48 hp.
MASSIVE DAMAGE!! (PAUSE) Unknown command.
A red film seems to cover your vision as you go berserk!
You feel yourself moving faster!
You feel mighty! The black bear bites you.
* * * LOW HITPOINT WARNING * * *
The black bear barely misses you. You block the black bear's attack.
The sky beast flickers out of sight for a moment.
The sky beast hits you.
* * * LOW HITPOINT WARNING * * *
The sky beast shocks you.
* * * LOW HITPOINT WARNING * * *
A jelly comes into view. 😱 HP[-5]
You now have 72 max hp (+24).
Unknown command.
The jelly quivers.
You bludgeon the sky beast!
You kill the sky beast!
The black bear bites you!
You die...

Skill      XL: |  1  2  3  4  5  6  7  8 |
---------------+-------------------------+-----
Stealth        | 1 2 3 4 5 6 8 10 | 10.5
Shields        | 1 |  1.0
Unarmed Combat | 4 5 6 |  6.1
Shapeshifting  | 4 5 |  5.7
Fighting       | |  1.0
Dodging        | |  2.0

Action                     |  1- 3 |  4- 6 |  7- 9 || total
---------------------------+-------+-------+-------++-------
  Melee: Unarmed           |    69 |   114 |   100 ||   283
         Constrict         |    20 |    29 |    30 ||    79
         Tentacles         |    12 |    29 |    28 ||    69
         Punch             |       |     6 |     3 ||     9
    Use: Potion            |       |     7 |     2 ||     9
         Scroll            |       |     8 |     5 ||    13
   Stab: Sleeping          |     9 |    11 |     8 ||    28
         Distracted        |       |       |     2 ||     2
 Armour: Skin              |    29 |    82 |    49 ||   160
  Dodge: Dodged            |    46 |    83 |    39 ||   168
  Block: Buckler           |     8 |    27 |    15 ||    50
   Form: Beast             |       |     1 |       ||     1
         Flux              |       |     1 |       ||     1

Levels and vault maps discovered:
D:1:      amcnicky_arrival_double_pillar, layout_rooms,
          nicolae_twisty_statue_hallways
D:2:      layout_rooms, minmay_surrounded
D:3:      layout_basic, okawaru_metal_pillars_1_2, amcnicky_altar_gilded,
          gup_sewer_entry_bubbles, corner_web_ring
D:4:      layout_rooms, st_stairs_12, minmay_misc_feat_diagonals,
          hangedman_decor_points, uniq_robin
D:5:      layout_rooms, lightli_temple_of_fire, mainiacjoe_overflow_big_doors,
          serial_shops, nicolae_stop_n_shop_1,
          serial_library_hellmonk_secret_room, uniq_sigmund
D:6:      layout_basic, nicolae_dithmenos_shadow_blocks,
          nicolae_ashenzari_panopticon, kennysheep_little_box,
          minmay_temple_entry_gardened_gates,
          minmay_guarded_unrand_staff_of_olgreb

Notes
Turn   | Place    | Note
-------+----------+-------------------------------------------
     0 | D:1      | ytrimaz the Octopode Shapeshifter began the quest for the
                  | Orb.
     0 | D:1      | Reached XP level 1. HP: 13/13 MP: 1/1
     0 | D:1      | magus.rc [v1.9.6]
    85 | D:1      | Reached skill level 1 in Stealth
   113 | D:1      | Reached XP level 2. HP: 14/18 MP: 2/2
   126 | D:1      | HP: 4/18 [jackal (1)]
   129 | D:1      | Reached skill level 2 in Stealth
   209 | D:1      | You pick up a book of the Tundra and begin reading...
   209 | D:1      | You add the spells Hailstorm, Summon Ice Beast and Sculpt
                  | Simulacrum to your library.
   401 | D:1      | You pick up a book of Unlife and begin reading...
   401 | D:1      | You add the spells Animate Dead, Borgnjor's Vile Clutch and
                  | Death Channel to your library.
   494 | D:1      | Reached XP level 3. HP: 23/23 MP: 3/3
  1005 | D:2      | Reached skill level 3 in Stealth
  1005 | D:2      | Reached skill level 1 in Shields
  1005 | D:2      | Reached XP level 4. HP: 25/28 MP: 4/4
  1454 | D:3      | Found a glowing drain.
  1466 | Sewer    | Entered a sewer
  1506 | Sewer    | Noticed a kobold brigand
  1511 | Sewer    | Noticed a kobold brigand
  1512 | Sewer    | Reached skill level 4 in Stealth
  1512 | Sewer    | Reached XP level 5. HP: 33/33 MP: 5/5
  1522 | Sewer    | HP: 8/33 [kobold brigand/+0 dagger (7)]
  1527 | Sewer    | HP: 8/49 [kobold brigand/+0 club (2)]
  1530 | Sewer    | Killed a kobold brigand
  1535 | Sewer    | Killed a kobold brigand
  1536 | Sewer    | Reached skill level 5 in Stealth
  1536 | Sewer    | Reached skill level 4 in Unarmed Combat
  1536 | Sewer    | Reached skill level 4 in Shapeshifting
  1536 | Sewer    | Reached XP level 6. HP: 8/38 MP: 6/6
  1682 | Sewer    | Found a white marble altar of Elyvilon.
  2225 | D:3      | Found an iron altar of Okawaru.
  2291 | D:3      | Reached skill level 6 in Stealth
  2430 | D:3      | Found a snail-covered altar of Cheibriados.
  2823 | D:3      | HP: 9/38 [gnoll/+0 whip (7)]
  2824 | D:3      | HP: 2/38 [gnoll/+0 flail (7)]
  3128 | D:4      | Noticed Robin
  3322 | D:4      | Killed Robin
  3344 | D:4      | Reached XP level 7. HP: 35/43 MP: 7/7
  3412 | D:4      | Reached skill level 7 in Stealth
  3835 | D:4      | Reached skill level 5 in Unarmed Combat
  3842 | D:4      | You pick up a book of Hexes and begin reading...
  3842 | D:4      | You add the spells Anguish, Cause Fear and Enfeeble to your
                  | library.
  3947 | D:4      | Reached skill level 8 in Stealth
  3983 | D:5      | Entered Level 5 of the Dungeon
  4002 | D:5      | HP: 8/43 [phantom (6)]
  4004 | D:5      | Reached skill level 5 in Shapeshifting
  4139 | D:5      | Found the +1 robe of Vines {NoPotionHeal Regen++++}
  4158 | D:5      | Reached XP level 8. HP: 39/48 MP: 8/8
  4188 | D:5      | Noticed Sigmund
  4484 | D:5      | Found Paffy's Armour Shoppe.
  4522 | D:5      | Reached skill level 9 in Stealth
  4630 | D:5      | Found a burning altar of Makhleb.
  4697 | D:5      | Identified the staff of Destiny {rC++ rN+ Str-5 SInv Necro}
  4727 | D:5      | Killed Sigmund
  4728 | D:5      | Reached skill level 10 in Stealth
  4751 | D:5      | Reached skill level 6 in Unarmed Combat
  4910 | D:5      | You add the spells Summon Forest, Eringya's Noxious Bog and
                  | Summon Hydra to your library.
  5062 | D:5      | Found a glowing silver altar of Zin.
  5065 | D:5      | Found a white marble altar of Elyvilon.
  5226 | D:6      | HP: 10/48 [sky beast (6)]
  5228 | D:6      | Slain by a black bear

Vanquished Creatures
  Sigmund (D:5)
  2 water moccasins (D:5)
  A sky beast (D:6)
  A black bear (D:4)
  An ogre (D:4)
  A phantom (D:5)
  2 kobold brigands (Sewer)
  A howler monkey (D:6)
  2 jellies
  2 bombardier beetles
  An orc priest (D:3)
  2 hounds (D:4)
  2 iguanas
  A sleepcap (D:4)
  An orc wizard (D:4)
  Robin (D:4)
  11 gnolls
  9 adders
  2 river rats (Sewer)
  2 white imps (D:5)
  5 dart slugs
  3 ribbon worms
  17 orcs
  5 endoplasms
  4 giant cockroaches
  18 goblins
  8 hobgoblins
  11 jackals
  9 kobolds
  9 quokkas
  9 ball pythons
  3 bats
  2 frilled lizards (D:2)
  8 rats
157 creatures vanquished.

Table legend:
 A = Non-vault XP
 B = Vault XP
 C = Vault XP percentage of total XP
 D = Non-vault monster count
 E = Vault monster count
 F = Vault count percentage of total count
                 A         B        C        D         E       F
            +---------+---------+-------+---------+---------+-------
      Total |    1779 |     538 |  23.2 |     122 |      35 |  22.3
            +---------+---------+-------+---------+---------+-------
        D:1 |      36 |       0 |   0.0 |      20 |       0 |   0.0
        D:2 |      48 |      20 |  29.4 |      20 |       4 |  16.7
        D:3 |     188 |      18 |   8.7 |      22 |       9 |  29.0
        D:4 |     625 |      29 |   4.4 |      33 |       8 |  19.5
        D:5 |     689 |     231 |  25.1 |      25 |       1 |   3.8
        D:6 |     193 |       0 |   0.0 |       2 |       0 |   0.0
      Sewer |       0 |     240 | 100.0 |       0 |      13 | 100.0
            +---------+---------+-------+---------+---------+-------

Skill      XL: |  1  2  3  4  5  6  7  8 |
---------------+-------------------------+-----
Stealth        | 1 2 3 4 5 6 8 10 | 10.5
Shields        | 1 |  1.0
Unarmed Combat | 4 5 6 |  6.1
Shapeshifting  | 4 5 |  5.7
Fighting       | |  1.0
Dodging        | |  2.0

Action                     |  1- 3 |  4- 6 |  7- 9 || total
---------------------------+-------+-------+-------++-------
  Melee: Unarmed           |    69 |   114 |   100 ||   283
         Constrict         |    20 |    29 |    30 ||    79
         Tentacles         |    12 |    29 |    28 ||    69
         Punch             |       |     6 |     3 ||     9
    Use: Potion            |       |     7 |     2 ||     9
         Scroll            |       |     8 |     5 ||    13
   Stab: Sleeping          |     9 |    11 |     8 ||    28
         Distracted        |       |       |     2 ||     2
 Armour: Skin              |    29 |    82 |    49 ||   160
  Dodge: Dodged            |    46 |    83 |    39 ||   168
  Block: Buckler           |     8 |    27 |    15 ||    50
   Form: Beast             |       |     1 |       ||     1
         Flux              |       |     1 |       ||     1

Illustrated notes

Table legend:
 A = Kills in this place as a percentage of kills in the entire game.
 B = Kills by you in this place as a percentage of kills by you in the entire game.
 C = Kills by friends in this place as a percentage of kills by friends in the entire game.
 D = Other kills in this place as a percentage of other kills in the entire game.
 E = Experience gained in this place as a percentage of experience gained in the entire game.
 F = Experience gained in this place divided by the number of levels of this place that you have seen.
                   A       B       C       D       E      F
               +-------+-------+-------+-------+-------+----------------------
         Total | 100.0 | 100.0 |   N/A |   N/A | 100.0 | 331.0
       Dungeon |  91.7 |  91.7 |   N/A |   N/A |  89.6 | 346.2
         Sewer |   8.3 |   8.3 |   N/A |   N/A |  10.4 | 240.0
               +-------+-------+-------+-------+-------+----------------------

Table legend: (Time is in decaauts)
 A = Elapsed time spent in this place.
 B = Non-inter-level travel time spent in this place.
 C = Inter-level travel time spent in this place.
 D = Time resting spent in this place.
 E = Time spent auto-exploring this place.
 F = Levels seen in this place.
 G = Mean time per level.
                   A        B        C        D        E       F      G
               +--------+--------+--------+--------+--------+-----+--------+
         Total |   5238 |   5153 |     85 |    813 |   3231 |   7 |  748.3 |
       Dungeon |   4907 |   4822 |     85 |    772 |   3029 |   6 |  817.8 |
         Sewer |    331 |    331 |      0 |     41 |    202 |   1 |  331.0 |
               +--------+--------+--------+--------+--------+-----+--------+

Top non-repeatable levels by time:
     D:3: 1785 daAuts
     D:5: 962 daAuts
     D:4: 947 daAuts
     D:1: 595 daAuts
     D:2: 575 daAuts
   Sewer: 331 daAuts
     D:6: 41 daAuts
